 Dungeon Crawl Stone Soup version 0.29-a0-902-g0f71de6fce (webtiles) character file.

Game seed: 11516748183971785515

23 quixfox the Digger (level 3, -2/19 HPs)
             Began as a Gargoyle Earth Elementalist on July 25, 2022.
             Slain by a gnoll
             ... wielding a +0 flail
              (3 damage)
             ... on level 2 of the Dungeon.
             The game lasted 00:02:07 (1147 turns).

quixfox the Digger (Gargoyle Earth Elementalist)    Turns: 1147, Time: 00:02:08

Health: -2/19      AC:  5    Str: 11    XL:     3   Next: 0%
Magic:  4/6        EV: 11    Int: 17    God:
Gold:   17         SH:  0    Dex: 10    Spells: 6/7 levels left

rFire   . . .      SeeInvis .   i - +2 short sword (speed)
rCold   . . .      Faith    .   (no shield)
rNeg    + . .      Spirit   .   a - +0 robe
rPois   ∞          Reflect  .   (no helmet)
rElec   +          Harm     .   (no cloak)
rCorr   .          Rampage  .   (no gloves)
Will    .....                   (no boots)
Stlth   ++........              (no amulet)
HPRegen 0.06/turn               (no ring)
MPRegen 0.10/turn               (no ring)

@: no status effects
A: sickness immunity, AC +3, negative energy resistance 1, electricity
resistance, torment resistance 1, petrification resistance
a: no special abilities


You were on level 2 of the Dungeon.
You visited 1 branch of the dungeon, and saw 2 of its levels.

You collected 17 gold pieces.

Inventory:

Hand Weapons
 i - a +2 short sword of speed (weapon)
Armour
 a - a +0 robe (worn)
Scrolls
 d - 2 scrolls of fear {unknown}
 f - 3 scrolls of silence {unknown}
 h - a scroll of identify {unknown}
Potions
 b - a potion of magic
 c - a potion of might {unknown}
 e - a potion of heal wounds {unknown}
 g - a potion of invisibility {unknown}


   Skills:
 - Level 1.5 Dodging
 - Level 2.1 Stealth
 + Level 2.6 Spellcasting
 - Level 0.7 Transmutations
 + Level 4.3 Earth Magic


You had 6 spell levels left.
You knew the following spells:

 Your Spells              Type           Power      Damage    Failure   Level
a - Sandblast             Erth           32%        2d9       3%          1

Your spell library contained the following spells:

 Spells                   Type           Power      Damage    Failure   Level
 Passwall                 Tmut/Erth      8%         N/A       10%         2
 Summon Small Mammal      Summ           8%         N/A       19%         1
 Stone Arrow              Conj/Erth      18%        3d8       22%         3
 Call Canine Familiar     Summ           2%         N/A       50%         3
 Summon Guardian Golem    Hex/Summ       2%         N/A       50%         3
 Petrify                  Tmut/Erth      10%        N/A       54%         4


Dungeon Overview and Level Annotations

Branches:
Dungeon (2/15)

Altars:

Shops:
D:1 !


Innate Abilities, Weirdness & Mutations

You are immune to sickness and miasma.
Your stone body is resilient. (AC +3)
You are immune to poison.
You resist negative energy. (rN+)
You are resistant to electric shocks. (rElec)
You are resistant to unholy torment.
You are immune to petrification.


Message History

You see here a +0 club.
There is an entrance to Jismol's Distillery here.
There is an open door here.
Done exploring.
(D) Dungeon
Where to? (? - help)
What level of the Dungeon? (default 1, ? - help)
There is a stone staircase leading down here.
You climb downwards.
The endoplasm quivers.
There is a stone staircase leading up here.
An endoplasm is nearby!
The blast of sand hits the endoplasm!
You kill the endoplasm!
You have reached level 3!
Your experience leads to an increase in your attributes!
Increase (S)trength, (I)ntelligence, or (D)exterity?
You feel clever. x2
Magic restored.
Found a stone staircase leading down.
f - 3 scrolls labelled HOMARA NOMOE (gained 1)
Found a rapier.
Found two stone staircases leading down.
d - 2 scrolls labelled MACESO NICUVILE (gained 1)
Found a leather armour.
Things that are here:
a +0 leather armour; a +0 leather armour You now have 17 gold pieces (gained 5). 2 gnolls come into view.
The gnoll shouts!
A gnoll comes into view. It is wielding a +0 spear.
The blast of sand misses the gnoll.
The gnoll shouts!
The blast of sand misses the gnoll.
The gnoll hits you with a +0 flail!
The gnoll hits you from afar with a +0 spear.
The gnoll closely misses you.
The gnoll hits you from afar with a +0 spear.
* * * LOW HITPOINT WARNING * * *
The gnoll attacks as you move away! The gnoll hits you with a +0 flail.
You die...

######### #. ##
#.....g.. ###. .#
#g# ... .. #g#
#.###. #@# #....#
#.#
####...#########.#
.................#
####...###########
# ##[## # #.#
#####.# ......#


You could see 2 gnolls.

Vanquished Creatures
  2 endoplasms
  A giant cockroach (D:1)
  4 goblins (D:1)
  4 hobgoblins (D:1)
  4 ball pythons (D:1)
  A bat (D:1)
  A frilled lizard (D:1)
  2 kobolds (D:1)
  3 rats (D:1)
22 creatures vanquished.

Notes
Turn   | Place    | Note
-------+----------+-------------------------------------------
     0 | D:1      | quixfox the Gargoyle Earth Elementalist began the quest for
                  | the Orb.
     0 | D:1      | Reached XP level 1. HP: 10/10 MP: 3/3
    78 | D:1      | Found a faded altar of an unknown god.
   175 | D:1      | Reached XP level 2. HP: 15/15 MP: 3/5
   293 | D:1      | Found Jismol's Distillery.
   300 | D:1      | Reached skill level 4 in Earth Magic
  1075 | D:2      | Reached XP level 3. HP: 19/19 MP: 4/6
  1147 | D:2      | Slain by a gnoll

Illustrated notes

Levels and vault maps discovered:
D:1:      scummos_arrival_star, layout_basic, serial_shops, nicolae_shop_stone,
          ebering_ecumenical_altar_sacrificial
D:2:      layout_loops_ring, solitary_fountain

Skill      XL: |  1  2 |
---------------+-------+-----
Earth Magic    | 4 |  4.3
Dodging        | |  1.5
Stealth        | |  2.1
Spellcasting   | |  2.6
Transmutations | |  0.7

Action                   || total
-------------------------++-------
 Cast: Sandblast         ||    34
Armor: Robe              ||     4
Dodge: Dodged            ||    10

Table legend: (Time is in decaauts)
 A = Elapsed time spent in this place.
 B = Non-inter-level travel time spent in this place.
 C = Inter-level travel time spent in this place.
 D = Time resting spent in this place.
 E = Time spent auto-exploring this place.
 F = Levels seen in this place.
 G = Mean time per level.
                   A        B        C        D        E       F      G
               +--------+--------+--------+--------+--------+-----+--------+
         Total |   1181 |   1139 |     42 |      0 |    953 |   2 |  590.5 |
       Dungeon |   1181 |   1139 |     42 |      0 |    953 |   2 |  590.5 |
               +--------+--------+--------+--------+--------+-----+--------+

Top non-repeatable levels by time:
     D:1: 1105 daAuts
     D:2: 76 daAuts
